 Dungeon Crawl Stone Soup version 0.23.2-1-ga50397a6bc (webtiles) character file.

Game seed: 18084157864889239462

16 wont the Magician (level 2, -4/22 HPs)
             Began as a Formicid Warper on May 15, 2019.
             Slain by a goblin
             ... wielding a +0 club
              (5 damage)
             ... on level 1 of the Dungeon.
             The game lasted 00:00:50 (509 turns).

wont the Magician (Formicid Warper)                  Turns: 509, Time: 00:00:51

Health: -4/22      AC:  3    Str: 15    XL:     2   Next: 70%
Magic:  5/5        EV: 12    Int: 12    God:
Gold:   34         SH:  0    Dex: 10    Spells: 6/6 levels left

rFire    . . .     SeeInvis +   a - +0 falchion
rCold    . . .     Gourm    .   (no shield)
rNeg     . . .     Faith    .   b - +0 leather armour
rPois    .         Spirit   .   (helmet unavailable)
rElec    .         Reflect  .   (no cloak)
rCorr    .         Harm     .   (no gloves)
MR       .....                  (no boots)
Stlth    +.........             (no amulet)
HPRegen  0.07/turn              (no ring)
MPRegen  0.09/turn              (no ring)

@: no status effects
A: permanent stasis, dig shafts and tunnels, four strong arms, antennae 3
a: Dig, Shaft Self


You were on level 1 of the Dungeon.
You were not hungry.

You visited 1 branch of the dungeon, and saw 1 of its levels.

You collected 34 gold pieces.

Inventory:

Hand Weapons
 a - a +0 falchion (weapon)
 i - a +0 hunting sling
Missiles
 e - 5 tomahawks of dispersal (quivered)
 h - 21 sling bullets
Armour
 b - a +0 leather armour (worn)
Scrolls
 d - a scroll of blinking
Potions
 c - a potion of berserk rage {unknown}
 j - a potion of heal wounds {unknown}
Comestibles
 f - 2 rations
 g - 2 chunks of flesh


   Skills:
 + Level 2.2 Fighting
 + Level 2.2 Long Blades
 + Level 1.2 Throwing
 + Level 1.1 Armour
 + Level 1.9 Dodging
 + Level 2.8 Spellcasting
   Level 2.6 Translocations


You had 6 spell levels left.
You didn't know any spells.
Your spell library contained the following spells:

 Spells                   Type           Power        Failure   Level  Hunger
 Shroud of Golubria       Chrm/Tloc      #.........   26%         2    ###....
 Gell's Gravitas          Tloc           #.........   30%         3    ###....
 Lesser Beckoning         Tloc           #.........   30%         3    ###....
 Teleport Other           Tloc           #.......     30%         3    ###....
 Passage of Golubria      Tloc           N/A          71%         4    #####..
 Blink                    Tloc           Unusable     N/A         2    N/A

Dungeon Overview and Level Annotations

Branches:
Dungeon (1/15)

Altars:


Innate Abilities, Weirdness & Mutations

You cannot be hasted, slowed, berserked, paralysed or teleported.
You can dig through walls and to a lower floor.
Your four strong arms can wield two-handed weapons with a shield.
You have a pair of large antennae on your head. (SInv)


Message History

The hobgoblin is moderately wounded.
The hobgoblin barely misses you.
You riposte.
You hit the hobgoblin.
You kill the hobgoblin!
You start resting.
Some of the chunks of flesh in your inventory have rotted away.
You sense a monster nearby.
You start resting.
A goblin comes into view. It is wielding a +0 club.
The goblin shouts!
You closely miss the goblin. The goblin closely misses you.
You hit the goblin.
The goblin is severely wounded.
The goblin hits you with a +0 club.
* * * LOW HITPOINT WARNING * * *
The goblin hits you with a +0 club.
* * * LOW HITPOINT WARNING * * *
You barely miss the goblin.
The goblin is severely wounded.
The goblin hits you with a +0 club.
You die...

≈≈.## ####..†..###
≈≈.≈# #..).#.....#
≈≈≈.# #.##.......##..
≈≈.P# #
#.###†#..#.....
≈..###
#.####.###.#?...##..
≈≈≈.<#
##...................
######
.................##.#
#######g#####.#.## #
#@# #.#.# ###.# #.#.#
#...# #.#.# #.###
....# #.# ##....#
#.####.......
#..>)).......
#..###....... #..#
##...##


You could see a goblin.

Vanquished Creatures
  A dart slug (D:1)
  A goblin (D:1)
  3 hobgoblins (D:1)
  2 jackals (D:1)
  A ball python (D:1)
  A bat (D:1)
  A frilled lizard (D:1)
  4 rats (D:1)
14 creatures vanquished.

Notes
Turn   | Place    | Note
-------+----------+-------------------------------------------
     0 | D:1      | wont the Formicid Warper began the quest for the Orb.
     0 | D:1      | Reached XP level 1. HP: 16/16 MP: 3/3
   207 | D:1      | Reached XP level 2. HP: 10/22 MP: 5/5
   508 | D:1      | HP: 1/22 [goblin/+0 club (3)]
   509 | D:1      | Slain by a goblin

Action                   || total
-------------------------++-------
Melee: Falchion          ||    42
Armor: Leather armour    ||    12
Dodge: Dodged            ||    37
       Rpst.: Falchion   ||    14
